 Dungeon Crawl Stone Soup version 0.31-a0-267-g3fc6992b3b (webtiles) character file.

Game seed: 10045354229096299765

123 qw the Shooter (level 4, -4/37 HPs)
             Began as a Minotaur Hexslinger on July 14, 2023.
             Killed by nerve-wracking pain
             ... invoked by Menkaure
              (12 damage)
             ... on level 4 of the Dungeon.
             The game lasted 00:00:55 (2187 turns).

qw the Shooter (Minotaur Hexslinger)                Turns: 2187, Time: 00:00:56

Health: -4/37      AC:  7    Str: 12    XL:     4   Next: 79%
Magic:  4/4        EV: 11    Int: 10    God:
Gold:   95         SH:  0    Dex: 15    Spells: 4/5 levels left

rFire   . . .        Y - +1 sling
rCold   . . .        (no shield)
rNeg    . . .        f - +0 ring mail
rPois   .            (helmet restricted)
rElec   .            a - +0 cloak
rCorr   .            i - +0 pair of gloves
SInv    .            (no boots)
Will    .....        h - amulet of the acrobat
Stlth   +            (no ring)
HPRegen 0.26/turn    (no ring)
MPRegen 0.09/turn

%: acrobat
@: no status effects
A: horns 2, retaliatory headbutt
a: no special abilities


You were on level 4 of the Dungeon.
You visited 1 branch of the dungeon, and saw 4 of its levels.

You collected 95 gold pieces.


Innate Abilities, Weirdness & Mutations

You have a pair of horns on your head.
You reflexively headbutt those who attack you in melee.


   Skills:
 + Level 2.5 Fighting
 - Level 5.0 Ranged Weapons
 - Level 1.0 Armour
 - Level 2.1 Dodging
 - Level 1.0 Spellcasting
 - Level 2.0 Hexes


You had 4 spell levels left.
You knew the following spells:

 Your Spells              Type           Power      Damage    Failure   Level
a - Slow                  Hex            16%        N/A       34%         1

Your spell library contained the following spells:

 Spells                   Type           Power      Damage    Failure   Level
 Inner Flame              Hex/Fire       2%         N/A       83%         3
 Portal Projectile        Hex/Tloc       4%         N/A       83%         3
 Cause Fear               Hex            2%         N/A       98%         4

Inventory:

Hand Weapons
 Y - a +1 sling (weapon)
Armour
 a - a +0 cloak (worn)
 f - a +0 ring mail (worn)
 i - a +0 pair of gloves (worn)
 j - a +0 pair of boots
Jewellery
 h - an amulet of the acrobat (around neck)
Scrolls
 e - a scroll of teleportation
 g - a scroll of identify
Potions
 b - a potion of enlightenment {unknown}
 c - a potion of brilliance {unknown}
 d - 2 potions of curing {unknown}

Dungeon Overview and Level Annotations

Branches:
Dungeon (4/15)
 Temple: D:4-7

Altars:
Dithmenos
Hepliaklqana
Nemelex Xobeh
Uskayaw

Annotations:
D:4 2 transporters, Menkaure; qw's ghost, amateur GrHs


Message History

Menkaure closely misses you.
You shoot a sling bullet. The sling bullet hits Menkaure.
Menkaure is moderately damaged.
Menkaure hits you but does no damage.
You shoot a sling bullet.
The sling bullet barely misses Menkaure.
Menkaure hums, "It doesn't hurt if you pull your brain out of your nose yourself."
Menkaure closely misses you.
You shoot a sling bullet. The sling bullet hits Menkaure.
Menkaure is heavily damaged.
Menkaure completely misses you.
You shoot a sling bullet.
The sling bullet hits Menkaure but does no damage.
Menkaure is heavily damaged.
Menkaure calls on the powers of darkness!
Your body is wracked with pain!
You shoot a sling bullet.
The sling bullet barely misses Menkaure.
Menkaure barely misses you. You furiously retaliate!
You headbutt Menkaure! You shoot a sling bullet.
The sling bullet hits Menkaure.
Menkaure is severely damaged.
Menkaure hits you.
You shoot a sling bullet.
The sling bullet hits Menkaure but does no damage.
Menkaure is severely damaged.
Menkaure barely misses you. You furiously retaliate!
You headbutt Menkaure. You shoot a sling bullet.
The sling bullet hits Menkaure.
Menkaure is almost destroyed.
A quokka comes into view.
Menkaure gestures wildly while chanting.
Menkaure seems to speed up.
You shoot a sling bullet.
The sling bullet hits Menkaure but does no damage.
Menkaure is almost destroyed.
Menkaure points at you and mumbles some strange words.
Pain shoots through your body!
Menkaure hums drily.
Menkaure gestures at you while chanting.
Pain shoots through your body!
You die...

.# .# .#############.#
..#............ #
#.#....####.... .#
#.#.....##..... #.
#.............. #.
###.....##....[
######M####.....####.#.#
#......@.......#####.#.#
#......................#
#...#(.###.....##.##....
#.. #.. #.....##.##).##
. #.. #.#r......%....
### #.#......#.....
#.#......#.####
###.#......#.#
...........#.#


You could see Menkaure (fast) and a quokka.

Vanquished Creatures
  A howler monkey (D:4)
  2 adders
  A worm (D:2)
  2 dart slugs
  2 orcs
  7 endoplasms
  6 giant cockroaches
  9 hobgoblins
  2 kobolds
  A quokka (D:1)
  3 ball pythons
  3 bats
  3 frilled lizards
  5 goblins
  6 rats
  A spectral kobold (D:3)
54 creatures vanquished.

Notes
Turn   | Place    | Note
-------+----------+-------------------------------------------
     0 | D:1      | qw the Minotaur Hexslinger began the quest for the Orb.
     0 | D:1      | Reached XP level 1. HP: 16/16 MP: 1/1
     0 | D:1      | 0 ||| qw: Version: 0.3-a-52-g30416fa
     0 | D:1      | 0 ||| qw: Game counter: 7817
     0 | D:1      | 0 ||| qw: Melee chars always use a shield: true
     0 | D:1      | 0 ||| qw: God list: Okawaru
     0 | D:1      | 0 ||| qw: Allow faded altars: false
     0 | D:1      | 0 ||| qw: Do Orc after clearing Dungeon:15 true
     0 | D:1      | 0 ||| qw: Do second Lair branch before Depths: true
     0 | D:1      | 0 ||| qw: Lair rune preference: random
     0 | D:1      | 0 ||| qw: Goals: Normal
     0 | D:1      | 0 ||| PLANNING D:1-11
   238 | D:1      | Reached skill level 3 in Ranged Weapons
   238 | D:1      | Reached XP level 2. HP: 14/23 MP: 2/2
   618 | D:1      | 618 ||| UPGRADING to +0 leather armour.
   628 | D:1      | 628 ||| DROPPING +0 robe.
   629 | D:1      | 629 ||| UPGRADING to amulet of the acrobat.
   634 | D:1      | 634 ||| READING scroll labelled ZEMAFA SIKENO.
   635 | D:1      | 635 ||| READING 2 scrolls labelled PUSAK XIMYIGEWIG.
   640 | D:1      | 640 ||| READING scroll labelled SYQ SULIWAHO.
   641 | D:1      | 641 ||| READING 2 scrolls labelled BAMEOGR ROTZ.
   642 | D:1      | 642 ||| READING 2 scrolls labelled YLE UFFIYLYSEWN.
   643 | D:1      | 643 ||| DROPPING scroll of poison.
   644 | D:1      | 644 ||| DROPPING scroll of vulnerability.
   645 | D:1      | 645 ||| DROPPING scroll of immolation.
   734 | D:2      | Reached XP level 3. HP: 29/29 MP: 3/3
  1319 | D:2      | 1319 ||| UPGRADING to +0 cloak.
  1324 | D:2      | 1324 ||| UPGRADING to +0 ring mail.
  1334 | D:2      | 1334 ||| DROPPING +0 leather armour.
  1335 | D:2      | 1335 ||| DROPPING amulet of magic regeneration.
  1336 | D:2      | 1336 ||| READING scroll labelled NAZ BUACAPN.
  1389 | D:3      | 1389 ||| STAIRDANCE
  1390 | D:3      | Reached skill level 4 in Ranged Weapons
  1622 | D:3      | Found a faded altar of an unknown god.
  1625 | D:3      | Reached skill level 1 in Armour
  1764 | D:3      | Found a shadowy altar of Dithmenos.
  1770 | D:3      | Found a hide-covered altar of Uskayaw.
  1770 | D:3      | Found a hazy altar of Hepliaklqana.
  1897 | D:3      | 1897 ||| UPGRADING to +0 pair of gloves.
  1947 | D:4      | Found a sparkling altar of Nemelex Xobeh.
  1990 | D:4      | Found a transporter.
  1996 | D:4      | Found a transporter.
  1996 | D:4      | Noticed a small abomination
  1999 | D:4      | Noticed a small abomination
  2000 | D:4      | Noticed a small abomination
  2036 | D:4      | Reached XP level 4. HP: 29/36 MP: 4/4
  2036 | D:4      | 2036 ||| FLEEEEING.
  2037 | D:4      | 2037 ||| FLEEEEING.
  2038 | D:4      | 2038 ||| FLEEEEING.
  2039 | D:4      | 2039 ||| FLEEEEING.
  2040 | D:4      | 2040 ||| FLEEEEING.
  2041 | D:4      | 2041 ||| FLEEEEING.
  2042 | D:4      | 2042 ||| FLEEEEING.
  2044 | D:4      | 2044 ||| FLEEEEING.
  2045 | D:4      | 2045 ||| FLEEEEING.
  2046 | D:4      | 2046 ||| FLEEEEING.
  2046 | D:4      | Noticed qw's ghost (amateur GrHs)
  2047 | D:4      | 2047 ||| FLEEEEING.
  2048 | D:4      | 2048 ||| FLEEEEING.
  2049 | D:4      | 2049 ||| FLEEEEING.
  2050 | D:4      | 2050 ||| FLEEEEING.
  2118 | D:4      | Reached skill level 5 in Ranged Weapons
  2176 | D:4      | Noticed Menkaure
  2187 | D:4      | HP: 8/37 [Menkaure/nerve-wracking pain (13)]
  2187 | D:4      | Killed from afar by Menkaure

Levels and vault maps discovered:
D:1:      tarquinn_simple_flora_water_e, layout_basic, minmay_pentomino_r2
D:2:      layout_basic
D:3:      layout_rooms, minitemple, dreamdust_ecumenical_altar_drowned_temple,
          interstate_on_off, serial_park_tiny_2
D:4:      layout_loops_ring, kennysheep_mini, lemuel_round_altar,
          gammafunk_ghost_abyssal_escape, serial_shops,
          nicolae_shop_overgrown_old_shop, uniq_menkaure

Skill      XL: |  1  2  3  4 |
---------------+-------------+-----
Ranged Weapons | 3 4 5 |  5.0
Fighting       | 2 |  2.5
Armour         | 1 |  1.0
Dodging        | |  2.1
Spellcasting   | |  1.0
Hexes          | |  2.0

Action                     |  1- 3 |  4- 6 || total
---------------------------+-------+-------++-------
   Fire: Sling             |   156 |    37 ||   193
    Use: Scroll            |     6 |       ||     6
 Armour: Robe              |     5 |       ||     5
         Ring mail         |     5 |     8 ||    13
         Leather armour    |     3 |       ||     3
  Dodge: Dodged            |    35 |    14 ||    49

Table legend:
 A = Non-vault XP
 B = Vault XP
 C = Vault XP percentage of total XP
 D = Non-vault monster count
 E = Vault monster count
 F = Vault count percentage of total count
                 A         B        C        D         E       F
            +---------+---------+-------+---------+---------+-------
      Total |     173 |       3 |   1.7 |      52 |       2 |   3.7
            +---------+---------+-------+---------+---------+-------
        D:1 |      36 |       2 |   5.3 |      22 |       1 |   4.3
        D:2 |      23 |       0 |   0.0 |      11 |       0 |   0.0
        D:3 |      26 |       1 |   3.7 |       7 |       1 |  12.5
        D:4 |      88 |       0 |   0.0 |      12 |       0 |   0.0
            +---------+---------+-------+---------+---------+-------
